[Event "Team 45 45 League T64"]
[Site "Internet Chess Club"]
[Date "2015.04.17"]
[Round "6"]
[White "laurenpar"]
[Black "chessjav"]
[Result "0-1"]
[WhiteElo "1957"]
[BlackElo "1916"]
[Opening "King's Indian: fianchetto, Yugoslav Panno"]
[ECO "E66"]
[Time "09:01:48"]
[TimeControl "2700+45"]

1. Nf3 Nf6 2. c4 g6 3. g3 Bg7 4. Bg2 O-O 5. O-O c5 6. Nc3 Nc6 7. d4 d6 8. d5 Na5
9. Nd2 a6 10. Qc2 Rb8 11. b3 b5 12. Bb2 bxc4 13. bxc4 Bh6 14. e3 Bf5 15. Be4
Nxe4 16. Ncxe4 Bxe4 17. Nxe4 Nxc4 18. Bc3 f5 19. Nd2 Nxd2 20. Qxd2 Qb6 21. Rac1
Bg7 22. Bxg7 Kxg7 23. h4 Qb2 24. Rc2 Qf6 25. Qa5 Qe5 26. Rd2 Ra8 27. Rb1 Rfb8
28. Rb6 Qa1+ 29. Kg2 Kf7 30. Rxb8 Rxb8 31. Qxa6 Qc1 32. Qd3 Rb1 33. Kf3 Qh1+ 34.
Kf4 Rb4+ 35. Kg5 Rg4+ 36. Kh6 Rxh4+ {White resigns} 0-1

[Event "Team 45 45 League T64"]
[Site "Internet Chess Club"]
[Date "2015.04.10"]
[Round "6"]
[White "ChessHouston"]
[Black "marceloeinhorn"]
[Result "1-0"]
[WhiteElo "1874"]
[BlackElo "2006"]
[Opening "Sicilian: Hungarian variation"]
[ECO "B27"]
[Time "20:00:20"]
[TimeControl "2700+45"]

1. e4 c5 2. Nf3 g6 3. Nc3 Bg7 4. Bc4 Nc6 5. O-O e6 6. Re1 Nge7 7. d4 cxd4 8. Nb5
O-O 9. Nbxd4 a6 10. c3 Qc7 11. Qe2 b5 12. Bd3 b4 13. Bd2 Qb6 14. Be3 bxc3 15.
Nxe6 Qa5 16. Nxg7 Kxg7 17. bxc3 d5 18. Qd2 Rd8 19. e5 d4 20. Bh6+ Kh8 21. Qf4
Bf5 22. Qh4 Ng8 23. Ng5 Ra7 24. Nxh7 f6 25. Nxf6 Nxf6 26. Qxf6+ Kh7 27. Bxf5
gxf5 28. Qxc6 {Black resigns} 1-0

[Event "Team 45 45 League T64"]
[Site "Internet Chess Club"]
[Date "2015.04.12"]
[Round "6"]
[White "Pason"]
[Black "Chessbomb"]
[Result "1-0"]
[WhiteElo "1865"]
[BlackElo "1825"]
[Opening "King's Indian: 5.Nf3"]
[ECO "E90"]
[Time "08:03:29"]
[TimeControl "2700+45"]

1. c4 Nf6 2. Nc3 g6 3. e4 d6 4. d4 Bg7 5. Nf3 O-O 6. h3 e5 7. d5 Nbd7 8. Be2 Nc5
9. Qc2 a5 10. Be3 b6 11. O-O-O Nh5 12. g3 f5 13. Nd2 f4 14. Bxc5 bxc5 15. g4 f3
16. gxh5 fxe2 17. Rde1 Rxf2 18. hxg6 hxg6 19. Rxe2 Rxe2 20. Nxe2 Bh6 21. Qd3 Qh4
22. Kc2 Rb8 23. Nf3 Qf2 24. Rg1 Bxh3 25. Rxg6+ Kh7 26. Rxh6+ Kxh6 27. Qd2+ Kh7
28. Ng5+ Kg6 29. Nxh3 Qh4 30. Qe3 Rf8 31. Nhg1 Rf1 32. Nf3 Qh3 33. Nxe5+ {Black
resigns} 1-0

[Event "Team 45 45 League T64"]
[Site "Internet Chess Club"]
[Date "2015.04.10"]
[Round "6"]
[White "dmarcolino"]
[Black "achessman"]
[Result "0-1"]
[WhiteElo "1943"]
[BlackElo "1935"]
[Opening "Petrov: Nimzovich attack"]
[ECO "C42"]
[Time "22:02:03"]
[TimeControl "2700+45"]

1. e4 e5 2. Nf3 Nf6 3. Nxe5 d6 4. Nf3 Nxe4 5. Nc3 Nxc3 6. dxc3 Be7 7. Be3 O-O 8.
Qd2 Nc6 9. O-O-O Re8 10. Nd4 Nxd4 11. Bxd4 Bf6 12. Kb1 Bxd4 13. Qxd4 Qg5 14. h4
Qe5 15. Qd2 Bd7 16. Bd3 Bc6 17. Rdg1 b5 18. Rh3 a5 19. g4 Qc5 20. h5 b4 21. Bf5
Re5 22. Bxh7+ Kxh7 23. g5 Kg8 24. g6 Qd5 25. gxf7+ Kxf7 26. Qf4+ Rf5 27. Qg4 Rg8
28. Qg6+ Kf8 29. h6 gxh6 30. Qxh6+ Ke8 31. Re1+ Kd8 32. Rd3 Qf7 33. Qh4+ Kd7 34.
Rde3 Rg7 35. cxb4 axb4 36. Qh3 Kd8 37. Qh8+ Rg8 38. Qh4+ Qf6 39. Qxb4 Rb5 40.
Qa3 Re5 41. Rxe5 Qxe5 42. Qb4 Qb5 43. Qf4 Qg5 44. Qc4 Bd7 45. a4 Re8 46. Rxe8+
Bxe8 47. f4 Qc5 48. Qe4 Bf7 49. b4 Qc4 50. Qa8+ Kd7 51. b5 Bg6 52. Qg2 Bf7 53.
Qh3+ Kd8 54. Qh8+ Kd7 55. Qh3+ Be6 56. f5 Qb4+ 57. Kc1 Qf4+ 58. Kb2 Qxf5 59. Qg2
Qe5+ 60. c3 Qd5 61. Qxd5 Bxd5 62. Ka3 c5 63. bxc6+ Kxc6 64. Kb4 Be6 65. c4 Bg4
66. a5 Bc8 67. c5 dxc5+ 68. Ka4 Ba6 {White resigns} 0-1

[Event "Team 45 45 League T64"]
[Site "Internet Chess Club"]
[Date "2015.04.12"]
[Round "6"]
[White "calsal"]
[Black "xt"]
[Result "0-1"]
[WhiteElo "1764"]
[BlackElo "1725"]
[Opening "Blackmar gambit"]
[ECO "D00"]
[Time "17:04:35"]
[TimeControl "2700+45"]

1. d4 d5 2. e4 dxe4 3. Nc3 Nf6 4. f3 Bf5 5. fxe4 Bxe4 6. Nxe4 Nxe4 7. Qf3 Qxd4
8. Bd3 Nd6 9. Ne2 Qf6 10. Qg3 e5 11. Nc3 c6 12. Bg5 Qe6 13. O-O-O Nd7 14. Rhe1
f6 15. Be3 Nc4 16. Bg1 Ncb6 17. a4 a5 18. Bxb6 Nxb6 19. Bxh7 Nd5 20. Bg6+ Ke7
21. Ne4 b5 22. Qf2 Kd8 23. Bf5 Qf7 24. axb5 g6 25. Qb6+ Qc7 26. Qxc6 Qxc6 27.
bxc6 gxf5 28. Nxf6 Bd6 29. Nxd5 Rb8 30. h3 e4 31. Ne3 Kc7 32. Nxf5 Bf4+ 33. Kb1
Rhe8 34. Rd4 Be5 35. Rdxe4 Rxb2+ 36. Kc1 Rb5 37. g3 Bb2+ 38. Kb1 Bc3+ 39. Kc1
Rxe4 40. Rxe4 Rxf5 41. Rf4 Rxf4 42. gxf4 Kxc6 43. Kb1 Kb5 44. f5 Bf6 45. Ka2 Kb4
46. Kb1 a4 47. Ka2 Bd4 48. h4 Bf6 49. h5 Bg7 50. Kb1 Ka3 51. c4 Kb4 52. Ka2 Kxc4
53. Ka3 Kb5 54. Ka2 Kb4 {White resigns} 0-1

[Event "Team 45 45 League T64"]
[Site "Internet Chess Club"]
[Date "2015.04.12"]
[Round "6"]
[White "CaptK"]
[Black "JeffH"]
[Result "0-1"]
[WhiteElo "1813"]
[BlackElo "1764"]
[Opening "King's Indian: London system"]
[ECO "A48"]
[Time "18:03:51"]
[TimeControl "2700+45"]

1. d4 Nf6 2. Nf3 g6 3. Bf4 Bg7 4. e3 O-O 5. Be2 d6 6. h3 c5 7. c3 b6 8. O-O Bb7
9. Nbd2 Nc6 10. Rc1 Rc8 11. Qa4 Nd5 12. Bh2 a6 13. e4 b5 14. Qa3 Nf6 15. dxc5
dxc5 16. Qxc5 Nd7 17. Qe3 Qa5 18. a3 Nde5 19. Nxe5 Nxe5 20. f4 Nd7 21. Rfd1 Rfd8
22. Nb3 Qa4 23. Nd4 e6 24. e5 Nc5 25. Bf3 Bxf3 26. Qxf3 Nb3 27. Nxb3 Qxb3 28.
Qe2 Bf8 29. Bg3 a5 30. Bh4 Rxd1+ 31. Rxd1 b4 32. axb4 axb4 33. cxb4 Qxb4 34. Bg3
Rb8 35. Rd2 Ra8 36. Kh2 Ra2 37. h4 Bc5 38. Rc2 Bd4 39. b3 Ra1 40. Qc4 Qxc4 41.
bxc4 Bc5 42. Kh3 Ra3 43. Kh2 Ra1 44. Rc3 h5 45. Rc2 Bg1+ 46. Kh3 Be3 47. Bh2 Ra3
48. g3 Bxf4 49. c5 Bxe5 50. c6 Bc7 51. Kg2 Ra5 52. g4 e5 53. gxh5 gxh5 54. Kf3
Ra4 55. Bg3 Kg7 56. Rc5 Kf6 57. Ke3 Bb6 58. Bxe5+ Ke6 59. Bd4 Bxc5 60. Bxc5 Rc4
61. Bd4 Rxc6 62. Kf3 Rd6 63. Be3 Rd3 64. Ke4 Rxe3+ 65. Kxe3 Kf5 66. Kf3 f6 67.
Kg3 Ke4 68. Kg2 Kf4 69. Kh3 Kf3 70. Kh2 Kg4 71. Kg2 Kxh4 72. Kf3 Kg5 73. Kg3 f5
74. Kh3 Kf4 75. Kg2 Ke3 76. Kf1 Kf3 77. Kg1 Ke2 78. Kg2 f4 79. Kg1 f3 {White
resigns} 0-1

[Event "Team 45 45 League T64"]
[Site "Internet Chess Club"]
[Date "2015.04.14"]
[Round "6"]
[White "pkraus"]
[Black "craftsman49868"]
[Result "1/2-1/2"]
[WhiteElo "1540"]
[BlackElo "1699"]
[Opening "Robatsch (modern) defense"]
[ECO "B06"]
[Time "12:00:30"]
[TimeControl "2700+45"]

1. e4 g6 2. Nf3 Bg7 3. Nc3 c5 4. Bc4 Nc6 5. O-O d6 6. d3 Nf6 7. h3 O-O 8. a4 b6
9. Re1 Bb7 10. Bg5 h6 11. Bf4 a6 12. Qd2 g5 13. Bh2 e6 14. Rad1 Rc8 15. Bb3 Qd7
16. e5 dxe5 17. Nxe5 Nxe5 18. Bxe5 Nh5 19. Qe3 Bxe5 20. Qxe5 Qd4 21. g3 Rfd8 22.
Bc4 Nf6 23. Qe2 Kg7 24. Kh2 Ra8 25. f3 h5 26. Qd2 Kg6 27. Rf1 h4 28. g4 Nd7 29.
Ne2 Qd6+ 30. f4 Kh7 31. Rde1 Qc7 32. Rf2 Rg8 33. Kg1 Qc6 34. Kf1 b5 35. Ba2 Rg7
36. fxg5 Qh1+ 37. Ng1 Kg8 38. Qe3 Rc8 39. c3 Rd8 40. axb5 axb5 41. Bb1 b4 42.
Bc2 bxc3 43. bxc3 Bc6 44. Ra1 Rb8 45. c4 Rd8 46. Bd1 Nf8 47. Raa2 Bb7 48. Ba4
Ba6 49. Rg2 Rb8 50. Rgb2 Rxb2 51. Rxb2 Qa8 52. Qxc5 Bb7 53. Qb5 Bh1 54. Qe8 Rxg5
55. Qxa8 Bxa8 56. Bb5 f5 57. Ra2 Bb7 58. gxf5 Rxf5+ 59. Rf2 Rf7 60. Be8 Re7 61.
Bh5 e5 62. Nf3 e4 63. Rg2+ Kh8 64. Nxh4 exd3 65. Rf2 Kg8 66. Nf5 Re6 67. Bg4 Nd7
68. Rf4 Ne5 69. Rd4 Rf6 70. Kf2 d2 71. Kg3 Nxc4 72. Rxc4 Rxf5 73. Rd4 Rb5 74.
Rxd2 Kg7 75. Rd7+ Kg6 76. Rd6+ Kg7 77. Be6 Rc5 78. Rd7+ Kf6 79. Rxb7 Kxe6 80.
Kf4 Kf6 81. Rb6+ Kg7 82. Re6 Rc3 83. Kg4 Rc4+ 84. Kg5 Rc5+ 85. Kh4 Rc2 86. Rb6
Rc3 87. Kg4 Rc4+ 88. Kf3 Rc3+ 89. Kg2 Rc2+ 90. Kg3 {Game drawn by mutual
agreement} 1/2-1/2

[Event "Team 45 45 League T64"]
[Site "Internet Chess Club"]
[Date "2015.04.12"]
[Round "6"]
[White "oldsj"]
[Black "okieman888"]
[Result "0-1"]
[WhiteElo "1579"]
[BlackElo "1567"]
[Opening "French: exchange variation"]
[ECO "C01"]
[Time "11:06:14"]
[TimeControl "2700+45"]

1. e4 e6 2. d4 d5 3. exd5 exd5 4. c4 Bb4+ 5. Nc3 Ne7 6. Nf3 O-O 7. Be2 dxc4 8.
Bxc4 Bg4 9. a3 Bxc3+ 10. bxc3 Nbc6 11. O-O Nd5 12. Bd2 Re8 13. h3 Bh5 14. Be2
Qd6 15. Re1 a6 16. Nh2 Bxe2 17. Rxe2 Na5 18. Qe1 Re7 19. Nf3 Rae8 20. Rxe7 Rxe7
21. Qf1 Nb3 22. Re1 Nxd2 23. Nxd2 Nxc3 24. Nc4 Qd8 25. Rxe7 Qxe7 26. Qd3 Qe1+
27. Kh2 Ne2 {White resigns} 0-1

[Event "Team 45 45 League T64"]
[Site "Internet Chess Club"]
[Date "2015.04.13"]
[Round "6"]
[White "JustinL"]
[Black "nilobasenji"]
[Result "0-1"]
[WhiteElo "1914"]
[BlackElo "1846"]
[Opening "Torre attack (Tartakower variation)"]
[ECO "D03"]
[Time "17:04:36"]
[TimeControl "2700+45"]

1. d4 d5 2. Nf3 Nf6 3. Bg5 e6 4. Nbd2 Nbd7 5. e4 dxe4 6. Nxe4 Be7 7. Ng3 h6 8.
Bxf6 Nxf6 9. Bd3 O-O 10. O-O b6 11. c3 Bb7 12. Bc2 c5 13. Qd3 cxd4 14. Nxd4 Qd5
15. f3 Bc5 16. Kh1 Rad8 17. Rfd1 Bxd4 18. cxd4 g6 19. Ne4 Nxe4 20. fxe4 Qg5 21.
Rd2 Bxe4 22. Qxe4 Qxd2 23. Rd1 Qf2 24. Bb3 Qf5 25. Qe2 Rc8 26. Rf1 Qg5 27. Qe1
Rc7 28. h4 Qg4 29. Qe5 Qxh4+ 30. Kg1 Rfc8 31. Bxe6 fxe6 32. Qxe6+ Kh7 33. Rf7+
{White resigns} 0-1

[Event "Team 45 45 League T64"]
[Site "Internet Chess Club"]
[Date "2015.04.08"]
[Round "6"]
[White "Packerfan"]
[Black "kidcobra"]
[Result "1-0"]
[WhiteElo "1641"]
[BlackElo "1716"]
[Opening "Two knights defense"]
[ECO "C56"]
[Time "15:30:22"]
[TimeControl "2700+45"]

1. e4 e5 2. Nf3 Nc6 3. Bc4 Nf6 4. d4 exd4 5. O-O Nxe4 6. Re1 d5 7. Bxd5 Qxd5 8.
Nc3 Qa5 9. Nxe4 Be6 10. Neg5 O-O-O 11. Nxe6 fxe6 12. Rxe6 Bd6 13. Qe2 h6 14. a3
Qh5 15. h3 Rhe8 16. Bd2 Qf7 17. Rxe8 Rxe8 18. Qd3 Ne5 19. Nxe5 Bxe5 20. Re1 Qe6
21. Bf4 Qf6 22. Qe4 Qxf4 23. Qxf4 Bxf4 24. Rxe8+ Kd7 25. Re4 Bg5 26. Rxd4+ Ke6
27. Rd3 Bf6 28. b3 c6 29. a4 b6 30. Kf1 Be7 31. Ke2 Bd6 32. Kf3 c5 33. Ke4 Be7
34. g4 g5 35. f4 gxf4 36. Kxf4 Bg5+ 37. Ke4 Be7 38. Rd5 Bd6 39. Rxd6+ Kxd6 40.
h4 Ke6 41. g5 hxg5 42. hxg5 a6 43. g6 b5 44. axb5 c4 45. b6 Kd6 46. g7 cxb3 47.
cxb3 Kc5 48. g8=Q Kb5 49. Qc4+ Ka5 50. Kd5 Kxb6 51. b4 a5 52. bxa5+ Kxa5 53. Qb3
Ka6 54. Kc6 Ka5 55. Qb5# {Black checkmated} 1-0

[Event "Team 45 45 League T64"]
[Site "Internet Chess Club"]
[Date "2015.04.08"]
[Round "6"]
[White "KidRattler"]
[Black "tryanything"]
[Result "0-1"]
[WhiteElo "1485"]
[BlackElo "1567"]
[Opening "Ruy Lopez: exchange, Keres variation"]
[ECO "C68"]
[Time "19:00:29"]
[TimeControl "2700+45"]

1. e4 e5 2. Nf3 Nc6 3. Bb5 a6 4. Bxc6 dxc6 5. Nc3 Bd6 6. h3 Ne7 7. d3 O-O 8. Bg5
Qe8 9. a3 Be6 10. g4 Ng6 11. Nh4 f6 12. Nxg6 Qxg6 13. Be3 Rad8 14. f3 Qf7 15. h4
Qe7 16. Rg1 Bc5 17. Qe2 Bxe3 18. Qxe3 b6 19. O-O-O c5 20. g5 f5 21. exf5 Rxf5
22. g6 h6 23. Rh1 Qd6 24. Ne4 Qd4 25. Qxd4 exd4 26. Rdf1 Bd5 27. Kd2 c4 28. dxc4
Bxc4 29. Rf2 Bd5 30. Rhf1 Rdf8 31. Ke2 Bc4+ 32. Kd2 Bxf1 33. Rxf1 Rxf3 34. Re1
Rh3 35. Nf2 Rxf2+ 36. Kc1 Re3 37. Rd1 c5 38. c3 d3 39. b4 c4 40. a4 Ree2 41. a5
b5 42. h5 Ra2 43. Kb1 Rfb2+ 44. Kc1 d2+ 45. Rxd2 Rxd2 46. Kb1 Rh2 47. Kc1 Ra1#
{White checkmated} 0-1

[Event "Team 45 45 League T64"]
[Site "Internet Chess Club"]
[Date "2015.04.08"]
[Round "6"]
[White "QuieroAprender"]
[Black "hondocando"]
[Result "1/2-1/2"]
[WhiteElo "1619"]
[BlackElo "1583"]
[Opening "Sicilian: Najdorf, 7...Be7"]
[ECO "B98"]
[Time "20:39:47"]
[TimeControl "2700+45"]

1. e4 c5 2. Nf3 d6 3. d4 cxd4 4. Nxd4 Nf6 5. Nc3 a6 6. Bg5 e6 7. f4 Be7 8. Qf3
h6 9. Bh4 Nh7 10. Bf2 O-O 11. Bd3 Nd7 12. g4 Nc5 13. h4 b5 14. b4 Nxd3+ 15. cxd3
Bb7 16. f5 e5 17. Nde2 f6 18. a3 Qd7 19. Rc1 a5 20. Nd5 Bxd5 21. exd5 axb4 22.
axb4 Rfc8 23. O-O Qb7 24. Be3 Bd8 25. Rc6 Ra6 26. Rfc1 Rca8 27. Rxa6 Rxa6 28.
Rc6 Kf7 29. g5 fxg5 30. Qh5+ Kf8 31. Qg6 Nf6 32. hxg5 hxg5 33. Bxg5 Rxc6 34.
dxc6 Qxc6 35. Bxf6 Bxf6 36. Qg2 Qxg2+ 37. Kxg2 d5 38. Nc3 Be7 39. Nxd5 Bd6 40.
Kf3 Kf7 41. Ke4 g6 42. fxg6+ Kxg6 43. Nc3 Bxb4 44. Nxb5 Kf6 45. Nc7 Bc5 46. Kd5
Bd4 47. Ne6 Ba1 48. Nc5 Kf5 49. Ne4 Kf4 50. Kc4 Ke3 51. Nd6 {Game drawn by
mutual agreement} 1/2-1/2

[Event "Team 45 45 League T64"]
[Site "Internet Chess Club"]
[Date "2015.04.09"]
[Round "6"]
[White "drsigmund1"]
[Black "GideonL"]
[Result "1-0"]
[WhiteElo "1520"]
[BlackElo "1633"]
[Opening "Queen's bishop game"]
[ECO "D00"]
[Time "19:46:20"]
[TimeControl "2700+45"]

1. d4 d5 2. Bf4 Nf6 3. Nf3 Bf5 4. e3 e6 5. Be2 Bd6 6. Ne5 Nbd7 7. Nd2 c5 8. Nxf7
Kxf7 9. Bxd6 cxd4 10. exd4 Qb6 11. Ba3 Qxd4 12. c3 Qh4 13. Nf3 Qh6 14. Qb3 b6
15. Qb5 g5 16. Qc6 e5 17. Qd6 Rhe8 18. Bb5 e4 19. Nd4 Be6 20. Nxe6 Rxe6 21. Qc7
Ke8 22. Rd1 e3 23. O-O e2 24. Rxd5 exf1=Q+ 25. Kxf1 Rd8 26. Re5 Ng4 27. Bxd7+
Rxd7 28. Qc8+ {Black resigns} 1-0

[Event "Team 45 45 League T64"]
[Site "Internet Chess Club"]
[Date "2015.04.12"]
[Round "6"]
[White "sdcohle"]
[Black "Leon13"]
[Result "0-1"]
[WhiteElo "1381"]
[BlackElo "1281"]
[Opening "QGD: Marshall defense"]
[ECO "D06"]
[Time "15:00:26"]
[TimeControl "2700+45"]

1. d4 d5 2. c4 Nf6 3. cxd5 Nxd5 4. e4 Nf6 5. Nc3 e5 6. Nf3 Bg4 7. d5 Bb4 8. Be2
Qe7 9. O-O O-O 10. Bd2 Nbd7 11. Rc1 Nc5 12. Bg5 Bxc3 13. Bxf6 Qxf6 14. Rxc3 Nxe4
15. Rxc7 Rab8 16. Qc2 Nd6 17. h3 Bf5 18. Qb3 Rbc8 19. Rfc1 e4 20. Rxc8 Bxc8 21.
Ne1 Qg6 22. Rc3 f5 23. Rg3 Qf7 24. f4 Qf6 25. Qc3 Qxc3 26. Rxc3 Rf7 27. Nc2 b6
28. Nb4 Bb7 29. a3 Re7 30. Ba6 e3 31. Kf1 Bxa6+ 32. Nxa6 Ne4 33. Rc2 Ng3+ 34.
Ke1 Nh1 35. Nb4 Ng3 36. d6 Rd7 37. Rc8+ Kf7 38. Rc7 Ke6 39. Rxd7 Kxd7 40. Nd5
Kxd6 41. Nxe3 g6 42. Kd2 Ne4+ 43. Kc2 Kc5 44. b3 Kd4 45. Nc4 b5 46. Nd2 Ke3 47.
Nf3 Kxf4 48. Nd4 a6 49. b4 Kg3 50. Ne6 Kxg2 51. Nc5 f4 52. Nxe4 f3 53. Kd2 f2
54. Nxf2 Kxf2 55. Kd3 Kg3 56. Kd4 Kxh3 57. Kc5 g5 58. Kb6 g4 59. Kxa6 g3 60.
Kxb5 g2 61. a4 g1=Q 62. a5 Qa7 63. a6 Kg3 64. Ka5 h5 65. b5 Qc7+ 66. b6 Qc5+ 67.
Ka4 Qxb6 68. a7 Qxa7+ 69. Kb4 Qe3 70. Kc4 h4 71. Kd5 h3 72. Kc4 h2 73. Kd5 h1=Q+
74. Kc4 Qe5 75. Kd3 Qhe4+ 76. Kd2 Q5d4+ 77. Kc1 Qe2 78. Kb1 Qdb2# {White
checkmated} 0-1

[Event "Team 45 45 League T64"]
[Site "Internet Chess Club"]
[Date "2015.04.12"]
[Round "6"]
[White "Tjet"]
[Black "Hal2001"]
[Result "0-1"]
[WhiteElo "1523"]
[BlackElo "1604"]
[Opening "English: symmetrical variation"]
[ECO "A37"]
[Time "18:01:34"]
[TimeControl "2700+45"]

1. c4 g6 2. g3 Bg7 3. Bg2 c5 4. Nf3 Nc6 5. Nc3 b6 6. O-O Bb7 7. e4 Nf6 8. d3 d6
9. a3 O-O 10. Rb1 Nd7 11. Ne2 Qc7 12. b4 Nd8 13. b5 Ne6 14. Bb2 a6 15. Bxg7 Kxg7
16. a4 axb5 17. axb5 Ne5 18. Nxe5 dxe5 19. Qc2 Qd7 20. f4 Nd4 21. Nxd4 Qxd4+ 22.
Kh1 Rfd8 23. Qf2 Qxf2 24. Rxf2 exf4 25. Rxf4 Rxd3 26. e5 Bxg2+ 27. Kxg2 Ra2+ 28.
Kh3 Rdd2 29. Rbf1 h5 30. Kh4 Kh6 {White resigns} 0-1

[Event "Team 45 45 League T64"]
[Site "Internet Chess Club"]
[Date "2015.04.11"]
[Round "6"]
[White "ChessMaine"]
[Black "Gilguli"]
[Result "1-0"]
[WhiteElo "1484"]
[BlackElo "1351"]
[Opening "Queen's pawn: stonewall attack"]
[ECO "D00"]
[Time "04:03:58"]
[TimeControl "2700+45"]

1. d4 d5 2. e3 Nf6 3. Bd3 Nc6 4. c4 Bg4 5. Qb3 Na5 6. Qa4+ c6 7. Bd2 Nxc4 8.
Bxc4 dxc4 9. Qxc4 e6 10. Nc3 Bd6 11. Nf3 Bxf3 12. gxf3 Qc7 13. h4 Qe7 14. e4 Nd7
15. e5 Bc7 16. O-O-O O-O-O 17. Rdg1 Rhg8 18. Qd3 Nxe5 19. Qxh7 Nxf3 20. Rxg7
Rxg7 21. Qxg7 Nxd4 22. Bg5 Qf8 23. Qxf8 Rxf8 24. Bf6 Bf4+ 25. Kd1 e5 26. h5 Nf5
27. Ne2 Nd4 28. Nxf4 exf4 29. h6 Rg8 30. h7 {Black resigns} 1-0

[Event "Team 45 45 League T64"]
[Site "Internet Chess Club"]
[Date "2015.04.12"]
[Round "6"]
[White "semperfi"]
[Black "PaulRichard"]
[Result "0-1"]
[WhiteElo "1400"]
[BlackElo "1502"]
[Opening "Queen's pawn: Yusupov-Rubinstein system"]
[ECO "A46"]
[Time "19:00:29"]
[TimeControl "2700+45"]

1. d4 Nf6 2. Nf3 e6 3. e3 b6 4. Bd3 Bb7 5. O-O Be7 6. b3 O-O 7. Bb2 d6 8. c4 c5
9. Nbd2 Nbd7 10. Qc2 h6 11. dxc5 dxc5 12. Rad1 Qc7 13. e4 e5 14. Qc3 Bd6 15. Nh4
g6 16. Ndf3 Nxe4 17. Bxe4 Bxe4 18. Rfe1 Bxf3 19. Nxf3 Rfe8 20. Qd2 Re6 21. Qxh6
Bf8 22. Qh3 Be7 23. Qg3 Bf6 24. Nd4 cxd4 {White resigns} 0-1

[Event "Team 45 45 League T64"]
[Site "Internet Chess Club"]
[Date "2015.04.09"]
[Round "6"]
[White "BrianWood"]
[Black "Invicta-Knight"]
[Result "0-1"]
[WhiteElo "1480"]
[BlackElo "1623"]
[Opening "English: symmetrical variation"]
[ECO "A38"]
[Time "13:15:22"]
[TimeControl "2700+45"]

1. c4 c5 2. Nc3 Nc6 3. g3 g6 4. Bg2 Bg7 5. Nf3 Nf6 6. e3 O-O 7. O-O d6 8. d4
cxd4 9. exd4 Qc7 10. Re1 b6 11. Bf4 Bb7 12. Rc1 Rfe8 13. Nb5 Qd7 14. d5 Nd8 15.
Nbd4 Rb8 16. Nd2 Nxd5 17. cxd5 Bxd4 18. Nc4 Bg7 19. Qd2 b5 20. Na5 Ba8 21. Bh6
Bxh6 22. Qxh6 e6 23. dxe6 Rxe6 24. Bxa8 Rxa8 25. Rxe6 Qxe6 26. Nb3 Rc8 27. Rxc8
Qxc8 28. Qc1 Qxc1+ 29. Nxc1 f5 30. f4 Kg7 31. Kf2 Ne6 32. Ke3 Kf6 33. Nd3 Nc5
34. Nb4 Ke6 35. Kd4 Ne4 36. Nd5 Kd7 37. Ne3 Nf2 38. Kc3 a6 39. a4 bxa4 40. Kb4
Nd3+ 41. Kxa4 Nxb2+ 42. Ka5 Kc6 43. g4 fxg4 44. Nxg4 Nd3 45. Kxa6 Nxf4 46. Ka5
Kc5 47. Ka4 Kc4 48. Ka3 Nd3 49. Ne3+ Kd4 50. Ng4 Ne5 51. Nf6 h5 52. Kb3 d5 53.
h3 Nf3 54. Nh7 Kd3 55. Nf6 d4 56. Nd5 g5 57. Nf6 h4 58. Ng4 Ke2 59. Kc4 d3
{White resigns} 0-1

[Event "Team 45 45 League T64"]
[Site "Internet Chess Club"]
[Date "2015.04.09"]
[Round "6"]
[White "BrerRabbit"]
[Black "smsxman"]
[Result "1/2-1/2"]
[WhiteElo "1449"]
[BlackElo "1424"]
[Opening "Réti: King's Indian attack (Barcza system)"]
[ECO "A07"]
[Time "10:46:57"]
[TimeControl "2700+45"]

1. Nf3 d5 2. g3 Nc6 3. Bg2 e6 4. O-O Be7 5. d3 Nf6 6. Nbd2 O-O 7. e4 dxe4 8.
dxe4 Bd7 9. c3 Rb8 10. Qc2 a6 11. b4 Na7 12. Ne5 Bd6 13. Nxd7 Nxd7 14. Nf3 e5
15. Be3 b6 16. a4 Nc6 17. Rfd1 Ne7 18. Bf1 a5 19. Bd2 Ng6 20. Bb5 Qe7 21. Be1
Rfc8 22. Bc6 Rd8 23. Bxd7 Rxd7 24. b5 Rbd8 25. Bd2 Bc5 26. Qb3 Qf6 27. Kg2 Qe6
28. Qxe6 fxe6 29. Ra2 h6 30. Re1 Rd3 31. c4 Rf8 32. Be3 Bb4 33. Ree2 Rfd8 34.
Ne1 Rc3 35. Bd2 Rxc4 36. Bxb4 Rxb4 37. Rec2 Rxe4 38. Nf3 Rd7 39. Rc6 Kf7 40.
Rac2 Rxa4 41. Rxc7 Re7 42. R7c6 Rb7 43. Rc7+ Rxc7 44. Rxc7+ Kf6 45. Rc6 e4 46.
Nd2 Ke5 47. Nf1 Ra2 48. Rxb6 Ne7 49. Rb7 Kf6 50. Ne3 Nd5 51. Kg1 a4 52. Ra7 Ra1+
53. Kg2 a3 54. Nc4 Ra2 55. Kg1 Ra1+ 56. Kg2 a2 57. Ne3 Nc3 58. b6 Rb1 59. Nc2
Rxb6 60. Ra3 Rc6 61. Nb4 Rc8 62. Nxa2 Nd1 63. Nb4 Rb8 64. Ra1 Nc3 65. Nc2 Rb2
66. Ne3 Nd5 67. Kg1 Nc3 68. Ra5 Ne2+ 69. Kg2 g5 70. Ng4+ Kg6 71. Re5 Nc3 72. h3
h5 73. Ne3 Kf6 74. Rc5 Na4 75. Rc7 Rb6 76. Rh7 Kg6 77. Rh8 Nb2 78. Rg8+ Kf6 79.
Rh8 Kg6 80. Rg8+ Kf6 81. Rh8 h4 82. gxh4 gxh4 83. Rxh4 Rb4 84. Rg4 Nd3 85. h4
Ne1+ 86. Kg3 Rb7 87. h5 Rh7 88. Rg6+ Kf7 89. Rg4 Rxh5 90. Rxe4 Rh1 91. Rf4+ Ke7
92. f3 Rg1+ 93. Kh2 Rg8 94. Ng4 Nxf3+ 95. Rxf3 Rxg4 96. Rg3 Rf4 97. Kg2 Kd6 98.
Rg6 Kd5 99. Rg8 e5 100. Rd8+ Ke4 101. Ra8 Rf8 102. Ra4+ Ke3 103. Ra3+ Kd4 104.
Ra4+ Kc3 105. Re4 Rf5 106. Ra4 Kd3 107. Ra3+ Kc4 108. Ra4+ Kb5 109. Re4 Kc5 110.
Re3 Kd4 111. Ra3 e4 112. Ra4+ Kd3 113. Ra3+ Kc2 114. Ra2+ Kb1 115. Re2 Rf4 116.
Kg3 Rf3+ 117. Kg2 Rf4 118. Kg3 Rf3+ 119. Kg2 Rf4 120. Kg3 {Game drawn by
repetition} 1/2-1/2

[Event "Team 45 45 League T64"]
[Site "Internet Chess Club"]
[Date "2015.04.11"]
[Round "6"]
[White "olivermx"]
[Black "PsyMar"]
[Result "1-0"]
[WhiteElo "1381"]
[BlackElo "1270"]
[Opening "Ruy Lopez: Anderssen variation"]
[ECO "C77"]
[Time "11:07:10"]
[TimeControl "2700+45"]

1. e4 e5 2. Nf3 Nc6 3. Bb5 a6 4. Ba4 Nf6 5. d3 d6 6. O-O Be7 7. Re1 O-O 8. c3
Nh5 9. d4 Nf4 10. Bxf4 exf4 11. d5 Ne5 12. Nbd2 Bg4 13. h3 Bh5 14. Qe2 b5 15.
Bd1 f6 16. Qf1 g5 17. Nxe5 dxe5 18. Bxh5 c6 19. c4 cxd5 20. exd5 Rc8 21. b3 bxc4
22. bxc4 Bb4 23. Qe2 Bxd2 24. Qxd2 Rxc4 25. Be2 Rd4 26. Qc2 a5 27. Bf3 Qd7 28.
Rad1 Rb4 29. d6 Rb6 30. Rb1 Rxd6 31. Rb7 Qe6 32. Qxh7# {Black checkmated} 1-0

[Event "Team 45 45 League T64"]
[Site "Internet Chess Club"]
[Date "2015.04.09"]
[Round "6"]
[White "deepfort"]
[Black "rubo"]
[Result "0-1"]
[WhiteElo "1491"]
[BlackElo "1698"]
[Opening "English: symmetrical, main line with d4"]
[ECO "A39"]
[Time "01:06:23"]
[TimeControl "2700+45"]

1. c4 c5 2. Nc3 Nc6 3. Nf3 Nf6 4. g3 g6 5. Bg2 Bg7 6. O-O O-O 7. d4 cxd4 8. Nxd4
d6 9. Nc2 Be6 10. Ne3 Rc8 11. Bd2 Qd7 12. Rb1 Bh3 13. Bxh3 Qxh3 14. b4 Ne5 15.
f3 Nxc4 16. Nxc4 Rxc4 17. Qb3 Rfc8 18. Rfc1 d5 19. Nb5 a6 20. Na3 b5 21. Nxc4
dxc4 22. Qc2 Nd5 23. e4 Bd4+ 24. Kh1 Ne3 25. Bxe3 Bxe3 26. Re1 Bd4 27. f4 e5 28.
fxe5 Bxe5 29. Qg2 Qe6 30. Rbd1 Bc3 31. a3 Bxe1 32. Rxe1 c3 33. Qc2 Rc4 34. Re3
Qc6 35. Kg2 f5 36. Kf3 Rxe4 37. Rxe4 Qxe4+ 38. Qxe4 fxe4+ 39. Kxe4 c2 {White
resigns} 0-1

[Event "Team 45 45 League T64"]
[Site "Internet Chess Club"]
[Date "2015.04.13"]
[Round "6"]
[White "nosir"]
[Black "bayoumicardio10"]
[Result "1-0"]
[WhiteElo "1513"]
[BlackElo "1737"]
[Opening "Réti: King's Indian attack"]
[ECO "A05"]
[Time "20:00:30"]
[TimeControl "2700+45"]

1. Nf3 Nf6 2. g3 g6 3. Bg2 Bg7 4. O-O O-O 5. d3 c5 6. e4 d6 7. Nbd2 Nc6 8. Re1
Bg4 9. c3 Ne5 10. Qc2 Qd7 11. Nxe5 dxe5 12. Nf3 Bxf3 13. Bxf3 Rad8 14. Rd1 h5
15. Bg2 Ng4 16. h3 Nh6 17. f4 c4 18. fxe5 cxd3 19. Qd2 Qc7 20. Qg5 Qc5+ 21. Be3
Qb5 22. Rd2 Rd7 23. Rad1 Kh7 24. e6 fxe6 25. Qxb5 {Black resigns} 1-0